 Dungeon Crawl Stone Soup version 0.31-a0-188-g5e087ee2ca (webtiles) character file.

Game seed: 6783173153874546796

46 qw the Shooter (level 3, 0/20 HPs)
             Began as a Deep Elf Hunter on June 23, 2023.
             Succumbed to Terence's poison
             ... on level 2 of the Dungeon.
             The game lasted 00:00:23 (843 turns).

qw the Shooter (Deep Elf Hunter)                     Turns: 843, Time: 00:00:23

Health: 0/20       AC:  5    Str: 10    XL:     3   Next: 44%
Magic:  5/5        EV: 11    Int: 13    God:
Gold:   54         SH:  0    Dex: 18    Spells: 2/2 levels left

rFire   . . .        Y - +0 shortbow
rCold   . . .        (shield currently unavailable)
rNeg    . . .        f - +0 ring mail
rPois   .            (no helmet)
rElec   .            (no cloak)
rCorr   .            (no gloves)
SInv    .            (no boots)
Will    .....        (no amulet)
Stlth   +            (no ring)
HPRegen 0.23/turn    (no ring)
MPRegen 0.09/turn

%: no passive effects
@: lethally poisoned (0 -> -14)
A: no striking features
a: no special abilities


You were on level 2 of the Dungeon.
You visited 1 branch of the dungeon, and saw 2 of its levels.

You collected 54 gold pieces.


   Skills:
 - Level 1.5 Fighting
 + Level 7.0 Ranged Weapons
 - Level 2.4 Dodging
 - Level 1.2 Stealth


You had 2 spell levels left.
You didn't know any spells.
Your spell library was empty.

Inventory:

Hand Weapons
 Y - a +0 shortbow (weapon)
Armour
 f - a +0 ring mail (worn)
Scrolls
 a - a scroll of identify
Potions
 b - a potion of heal wounds {unknown}
 d - a potion of ambrosia {unknown}
 e - a potion of curing {unknown}

Dungeon Overview and Level Annotations

Branches:
Dungeon (2/15)

Altars:

Shops:
D:1 =   D:2 (

Annotations:
D:2 Terence


Message History

b - a murky cyan potion
Enter note:
Enter note:
Enter note:
Enter note: Terence the Incautious comes into view.
He is wielding a +2 trident of venom.
Enter note:
Enter note:
Enter note:
Enter note: You shoot an arrow.
The arrow hits Terence.
Terence is lightly wounded.
You shoot an arrow. The arrow closely misses Terence.
You shoot an arrow.
The arrow hits Terence but does no damage.
Terence is lightly wounded.
You shoot an arrow. The arrow hits Terence.
Terence is moderately wounded.
Terence hits you from afar with a +2 trident of venom!
Ouch! That really hurt!
You are lethally poisoned!
Enter note:
Enter note:
Enter note:
Enter note:
Enter note:
Enter note:
Enter note:
Enter note:
Enter note:
Enter note:
Enter note:
Enter note: You feel very sick.
Enter note:
Enter note:
Enter note:
Enter note:
Enter note:
Enter note: You die...

##
#.#..........#..%......
#.#.###......#.........
#.#.###......##........
#..........##.#######
........###.####
.........##....#
...........####.#
#####........##.#
.........@.#.##.#
......@..#.#.##%####
.........#.........#
.........#.......#.#
.........#.......# #
#####+####.......#
...#.......
########.#### ...


You could see Terence.

Vanquished Creatures
  An adder (D:2)
  2 dart slugs (D:1)
  3 bats (D:2)
  3 endoplasms
  2 giant cockroaches (D:1)
  2 goblins (D:1)
  4 hobgoblins
  5 kobolds (D:1)
  6 ball pythons
  4 rats
  A spectral goblin (D:2)
33 creatures vanquished.

Notes
Turn   | Place    | Note
-------+----------+-------------------------------------------
     0 | D:1      | qw the Deep Elf Hunter began the quest for the Orb.
     0 | D:1      | Reached XP level 1. HP: 12/12 MP: 3/3
     0 | D:1      | 0 ||| qw: Version: 0.3-a-9-g12657ce
     0 | D:1      | 0 ||| qw: Game counter: 3708
     0 | D:1      | 0 ||| qw: Always use a shield: true
     0 | D:1      | 0 ||| qw: God list: Okawaru
     0 | D:1      | 0 ||| qw: Allow faded altars: false
     0 | D:1      | 0 ||| qw: Do Orc after D:15 true
     0 | D:1      | 0 ||| qw: Do second Lair branch before Depths: true
     0 | D:1      | 0 ||| qw: Lair rune preference: random
     0 | D:1      | 0 ||| qw: Plans: Normal
     0 | D:1      | 0 ||| PLANNING D:1-11
    75 | D:1      | Reached XP level 2. HP: 16/16 MP: 4/4
    85 | D:1      | Reached skill level 6 in Ranged Weapons
   186 | D:1      | Found Cahen's Jewellery Shoppe.
   191 | D:1      | 191 ||| SHOPLISTING +6 ring of dexterity (432 gold, have
                  | 11).
   191 | D:1      | 191 ||| SHOPLISTING ring "Qyeczil" {*Corrode rC+ Str+4
                  | Dex+4} (518 gold, have 11).
   191 | D:1      | 191 ||| SHOPLISTING ring of fire (300 gold, have 11).
   191 | D:1      | 191 ||| SHOPLISTING ring of protection from fire (300 gold,
                  | have 11).
   191 | D:1      | 191 ||| SHOPLISTING ring of resist corrosion (240 gold,
                  | have 11).
   487 | D:1      | Reached XP level 3. HP: 20/20 MP: 5/5
   592 | D:1      | 592 ||| UPGRADING to +0 ring mail.
   602 | D:1      | 602 ||| DROPPING +0 leather armour.
   603 | D:1      | 603 ||| READING 2 scrolls labelled WAYMIW UTHRA.
   604 | D:1      | 604 ||| READING scroll labelled UNTEFREUTA.
   605 | D:1      | 605 ||| DROPPING scroll of butterflies.
   709 | D:2      | Found Riliam's Weapon Boutique.
   717 | D:2      | 717 ||| SHOPLISTING +0 heavy shortbow (88 gold, have 42).
   720 | D:2      | Found a faded altar of an unknown god.
   807 | D:2      | Reached skill level 7 in Ranged Weapons
   837 | D:2      | Noticed Terence
   842 | D:2      | HP: 3/20 [poisoned by Terence]
   843 | D:2      | Succumbed to Terence's poison

Levels and vault maps discovered:
D:1:      heliophobic_arrival_dark_side_of_the_moon, layout_basic, serial_shops,
          nicolae_shop_trees
D:2:      layout_basic, serial_shops, shop,
          dreamdust_ecumenical_altar_drowned_temple, uniq_terence

Skill      XL: |  1  2  3 |
---------------+----------+-----
Ranged Weapons | 6 7 |  7.0
Fighting       | |  1.5
Dodging        | |  2.4
Stealth        | |  1.2

Action                     || total
---------------------------++-------
   Fire: Shortbow          ||    90
    Use: Scroll            ||     2
 Armour: Leather armour    ||     5
  Dodge: Dodged            ||    23

Table legend:
 A = Non-vault XP
 B = Vault XP
 C = Vault XP percentage of total XP
 D = Non-vault monster count
 E = Vault monster count
 F = Vault count percentage of total count
                 A         B        C        D         E       F
            +---------+---------+-------+---------+---------+-------
      Total |      65 |       1 |   1.5 |      32 |       1 |   3.0
            +---------+---------+-------+---------+---------+-------
        D:1 |      41 |       0 |   0.0 |      23 |       0 |   0.0
        D:2 |      24 |       1 |   4.0 |       9 |       1 |  10.0
            +---------+---------+-------+---------+---------+-------
